 Dungeon Crawl Stone Soup version 0.23-a0-730-g0b75920 (webtiles) character file.

189 Inarius the Ducker (level 5, -3/25 HPs)
             Began as a Felid Berserker on Jan 17, 2019.
             Was a Priest of Trog.
             Slain by a scorpion (8 damage)
             ... on level 3 of the Dungeon.
             The game lasted 00:05:35 (2720 turns).

Inarius the Ducker (Felid Berserker)                Turns: 2720, Time: 00:05:35

Health: -3/25      AC:  1    Str: 19    XL:     5   Next: 40%
Magic:  6/6        EV: 20    Int:  8    God:    Trog [***...]
Gold:   104        SH:  0    Dex: 16    Spells: 4/4 levels left
                                        Lives:  0   Deaths: 1

rFire    . . .     SeeInvis +     - Unarmed
rCold    . . .     Gourm    .   (shield unavailable)
rNeg     . . .     Faith    .   (armour unavailable)
rPois    .         Spirit   .   (helmet unavailable)
rElec    .         Reflect  .   (cloak unavailable)
rCorr    .         Harm     .   (gloves unavailable)
MR       .....                  (boots unavailable)
Stlth    +++.......             (no amulet)
HPRegen  0.08/turn              (no ring)
MPRegen  0.10/turn              (no ring)

@: mighty, lethally poisoned (-3 -> -9), berserk cooldown, slowed, slow
A: very small, no armour, no weapons or thrown items, stealth, claws 1, fangs 3,
see invisible, carnivore, speed 1, shaggy fur 1, slow metabolism 1, sharp paws
a: Berserk, Trog's Hand, Renounce Religion


You were on level 3 of the Dungeon.
You worshipped Trog.
Trog was most pleased with you.
You were completely stuffed.

You visited 1 branch of the dungeon, and saw 3 of its levels.

You collected 104 gold pieces.

Inventory:

Jewellery
 b - an uncursed ring of wizardry {unknown}
Scrolls
 c - a scroll of teleportation {unknown}
 e - 2 scrolls of remove curse {unknown}
 f - a scroll of enchant weapon {unknown}
 j - a scroll of identify {unknown}
Potions
 d - a potion of might
 g - 3 potions of haste {unknown}
 h - 2 potions of invisibility {unknown}
 k - a potion of mutation {unknown}
Comestibles
 a - 7 rations
 i - 5 chunks of flesh


   Skills:
 * Level 3.7 Fighting
 + Level 5.1 Dodging
 + Level 3.9 Stealth
 + Level 4.9 Unarmed Combat


You had 4 spell levels left.
You didn't know any spells.
Your spell library was empty.

Dungeon Overview and Level Annotations

Branches:
Dungeon (3/15)

Altars:
Ashenzari


Innate Abilities, Weirdness & Mutations

You cannot wear armour.
You are incapable of wielding weapons or throwing items.
Your paws allow you to move quietly. (Stealth)
You have sharp claws.
You have razor-sharp teeth.
You have supernaturally acute eyesight. (SInv)
You are carnivorous and can eat meat at any time.
You cover ground quickly.
You are covered in fur. (AC +1)
You have a slow metabolism.
Your sharp claws are effective at attacking unaware monsters.


Message History

The scorpion is moderately wounded.
The scorpion stings you.
You are too injured to fight recklessly!
You are too injured to fight recklessly!
You are too injured to fight recklessly!
You are too injured to fight recklessly!
The scorpion barely misses you.
Items here: )))) [[ ††††† The scorpion stings you.
You are lethally poisoned!
The scorpion poisons you!
* * * LOW HITPOINT WARNING * * *
You feel sick.
* * * LOW HITPOINT WARNING * * *
You feel sick.
It was a potion of might.
You feel very mighty all of a sudden.
* * * LOW HITPOINT WARNING * * *
You feel sick. The scorpion barely misses you. The scorpion stings you!
You die...

............# #<..........
#...........# #.(......>.##
...#........# #...........
##.#........# #.(.......#
#...........# #.........#
............### #.........###.
...#..........# #.........###_.
.#.##.#.#####.#######)###.###.#
..........# #...@s###.##..#
.##.#.....# #####..##.....#
###.......# ##....##.....
###.....# ###### .... #.....#
### #######


You could see a scorpion.

Vanquished Creatures
  An orc wizard (D:3)
  Jessica (D:2)
  Natasha (thrice) (D:2)
  3 adders (D:2)
  A gnoll (D:2)
  3 oozes
  A worm (D:2)
  A dart slug (D:1)
  A leopard gecko (D:3)
  4 orcs (D:3)
  A ball python (D:2)
  9 giant cockroaches
  6 goblins
  7 hobgoblins
  5 jackals (D:1)
  3 bats
  4 frilled lizards
  5 kobolds
  6 rats
65 creatures vanquished.

Notes
Turn   | Place    | Note
-------+----------+-------------------------------------------
     0 | D:1      | Inarius the Felid Berserker began the quest for the Orb.
     0 | D:1      | Reached XP level 1. HP: 10/10 MP: 2/2
     1 | D:1      | Found a runed door.
   350 | D:1      | Reached XP level 2. HP: 14/14 MP: 3/3
   355 | D:1      | Reached skill level 1 in Stealth
  1137 | D:1      | Reached XP level 3. HP: 7/17 MP: 4/4
  1292 | D:1      | Reached ** piety under Trog
  1868 | D:2      | Reached XP level 4. HP: 20/21 MP: 5/5
  1942 | D:2      | Noticed Natasha
  1952 | D:2      | Killed Natasha
  1962 | D:2      | Noticed Natasha
  1968 | D:2      | Slain by an ooze
  1969 | D:2      | Reached XP level 3. HP: -1/17 MP: 4/4
  2036 | D:2      | Noticed Jessica
  2041 | D:2      | Killed Jessica
  2041 | D:2      | Reached XP level 4. HP: 21/21 MP: 5/5
  2436 | D:2      | Killed Natasha
  2493 | D:2      | Noticed Natasha
  2515 | D:2      | Killed Natasha
  2515 | D:2      | Reached *** piety under Trog
  2515 | D:2      | Reached XP level 5. HP: 25/25 MP: 6/6
  2694 | D:3      | Reached skill level 5 in Dodging
  2706 | D:3      | Found a shattered altar of Ashenzari.
  2720 | D:3      | Slain by a scorpion

Vault maps used:
D:1:      dpeg_arrival_caged_fury, serial_forest,
          infiniplex_forest_lined_corner, infiniplex_forest_clump_diagonal,
          infiniplex_forest_straight_3, infiniplex_forest_pool,
          infiniplex_forest_zigzag_1, infiniplex_forest_lined_3,
          infiniplex_forest_clump_curved
D:2:      minmay_diamond_boxcup, uniq_jessica, uniq_natasha
D:3:      okawaru_gym_becter, lemuel_doored_altar, kennysheep_slug_shrine

Skill      XL: |  1  2  3  4  5 |
---------------+----------------+-----
Stealth        | 1 3 |  3.9
Unarmed Combat | 4 |  4.9
Dodging        | 5 |  5.1
Fighting       | |  3.7

Action                   |  1- 3 |  4- 6 || total
-------------------------+-------+-------++-------
Melee: Unarmed           |   101 |    68 ||   169
       Bite              |    11 |    10 ||    21
       Punch             |     2 |     1 ||     3
Invok: Berserk           |     1 |     4 ||     5
  Use: Potion            |       |     1 ||     1
 Stab: Sleeping          |     6 |     4 ||    10
       Distracted        |     2 |       ||     2
  Eat: Chunk             |    15 |     4 ||    19
Armor: Skin              |     6 |     1 ||     7
Dodge: Dodged            |    78 |    40 ||   118

Table legend:
 A = Non-vault XP
 B = Vault XP
 C = Vault XP percentage of total XP
 D = Non-vault monster count
 E = Vault monster count
 F = Vault count percentage of total count
                 A         B        C        D         E       F
            +---------+---------+-------+---------+---------+-------
      Total |     222 |     134 |  37.6 |      47 |      18 |  27.7
            +---------+---------+-------+---------+---------+-------
        D:1 |      25 |      26 |  51.0 |      14 |       9 |  39.1
        D:2 |     131 |     108 |  45.2 |      20 |       9 |  31.0
        D:3 |      66 |       0 |   0.0 |      13 |       0 |   0.0
            +---------+---------+-------+---------+---------+-------
